 Dungeon Crawl Stone Soup version 0.29-a0-775-g4d7333d4e2 (webtiles) character file.

Game seed: 1268755300236454323

1 Zonian the Grave Robber (level 1, 0/9 HPs)
             Began as a Vine Stalker Necromancer on July 1, 2022.
             Succumbed to a goblin's poison
             ... on level 1 of the Dungeon.
             The game lasted 00:00:37 (15 turns).

Zonian the Grave Robber (Vine Stalker Necromancer)    Turns: 15, Time: 00:00:38

Health: 0/9        AC:  2    Str: 10    XL:     1   Next: 20%
Magic:  4/4        EV: 12    Int: 15    God:
Gold:   0          SH:  0    Dex: 14    Spells: 3/4 levels left

rFire   . . .      SeeInvis .   (no weapon)
rCold   . . .      Faith    .   (no shield)
rNeg    . . .      Spirit   +   a - +0 robe
rPois   .          Reflect  .   (no helmet)
rElec   .          Harm     .   (no cloak)
rCorr   .          Rampage  .   (no gloves)
Will    .....                   (no boots)
Stlth   ++........              (no amulet)
HPRegen 0.03/turn               (no ring)
MPRegen 0.09/turn               (no ring)

@: lethally poisoned (0 -> -3)
A: fangs 2, magic shield, antimagic bite, no potion heal 2
a: no special abilities


You were on level 1 of the Dungeon.
You visited 1 branch of the dungeon, and saw 1 of its levels.

Inventory:

Armour
 a - a +0 robe (worn)


   Skills:
 + Level 1.6 Dodging
 + Level 2.4 Stealth
 + Level 2.2 Spellcasting
 + Level 4.0 Necromancy


You had 3 spell levels left.
You knew the following spells:

 Your Spells              Type           Power      Damage    Failure   Level
a - Necrotize             Necr           52%        1d6       4%          1

Your spell library contained the following spells:

 Spells                   Type           Power      Damage    Failure   Level
 Vampiric Draining        Necr           13%        2d6       13%         3
 Animate Dead             Necr           13%        N/A       38%         4
 Agony                    Necr           13%        N/A       75%         5


Dungeon Overview and Level Annotations

Branches:
Dungeon (1/15)

Altars:


Innate Abilities, Weirdness & Mutations

You have extremely sharp teeth.
When hurt, damage is shared between your health and your magic reserves.
Your bite disrupts and absorbs the magic of your enemies.
Potions cannot restore your health.


Message History

Welcome, Zonian the Vine Stalker Necromancer.
It is said that the Orb of Zot exists deep within this dungeon.
Press ? for a list of commands and other information.
Found a staircase leading out of the dungeon.
Unknown command.
A goblin comes into view. It is wielding a +0 dagger of venom.
A goblin is nearby!
Unknown command.
The goblin shouts!
A hobgoblin comes into view.
The goblin writhes in agony.
The hobgoblin shouts!
The goblin hits you with a +0 dagger of venom.
You are lethally poisoned!
Unknown command.
The goblin writhes in agony.
You kill the goblin!
The dead are walking!
You feel very sick.
Unknown command.
Okay, then.
You feel sick.
You feel sick.
* * * LOW HITPOINT WARNING * * *
You feel sick.
Your goblin skeleton hits the hobgoblin but does no damage.
Unknown command.
Magic courses through your body.
* * * LOW HITPOINT WARNING * * *
You feel sick.
Your goblin skeleton closely misses the hobgoblin.
Unknown command.
You die...

.. ######## ..#
......## ##..
#.....## #....
#.....##
....#####..g..##
#....@#...Z.#
##...###.........
..#####.#####.....#.#
#...........#.......
##....<....###.....#
##.......## #....#
....#.....#.... #...#
...###...###... #..#
#.# ##.## #.#


You could see a hobgoblin.

Vanquished Creatures
  A goblin (D:1)
1 creature vanquished.

Notes
Turn   | Place    | Note
-------+----------+-------------------------------------------
     0 | D:1      | Zonian the Vine Stalker Necromancer began the quest for the
                  | Orb.
     0 | D:1      | Reached XP level 1. HP: 9/9 MP: 4/4
    15 | D:1      | Succumbed to a goblin's poison

Illustrated notes

Levels and vault maps discovered:
D:1:      onia_arrival_pyramid, layout_basic, ebering_ecumenical_altar_ruins,
          nicolae_concentric_dashed_squares_mild, minmay_unequal

Action                   || total
-------------------------++-------
 Cast: Necrotize         ||     2
  Use: Potion            ||     1

Table legend: (Time is in decaauts)
 A = Elapsed time spent in this place.
 B = Non-inter-level travel time spent in this place.
 C = Inter-level travel time spent in this place.
 D = Time resting spent in this place.
 E = Time spent auto-exploring this place.
 F = Levels seen in this place.
 G = Mean time per level.
                   A        B        C        D        E       F      G
               +--------+--------+--------+--------+--------+-----+--------+
         Total |     15 |     15 |      0 |      0 |      2 |   1 |   15.0 |
       Dungeon |     15 |     15 |      0 |      0 |      2 |   1 |   15.0 |
               +--------+--------+--------+--------+--------+-----+--------+

Top non-repeatable levels by time:
     D:1: 15 daAuts
